 Dungeon Crawl Stone Soup version 0.19.5 (webtiles) character file.

54 uberloutre the Ducker (level 3, 0/17 HPs)
             Began as a Felid Monk on Mar 3, 2017.
             Succumbed to an adder's poison
             ... on level 2 of the Dungeon.
             The game lasted 00:19:15 (1868 turns).

uberloutre the Ducker (Felid Monk)                  Turns: 1868, Time: 00:19:15

Health: 0/17       AC:  3    Str:  7    XL:     3   Next: 66%
Magic:  13/13      EV: 20    Int: 11    God:
Gold:   83         SH:  0    Dex: 19    Spells: 0 memorised, 2 levels left
                                        Lives:  0   Deaths: 0

rFire  . . .     SeeInvis +       - Unarmed
rCold  . . .     Gourm    .     (armour unavailable)
rNeg   . . .     Faith    .     (shield unavailable)
rPois  .         Spirit   .     (helmet unavailable)
rElec  .         Reflect  .     (cloak unavailable)
rCorr  .         Harm     .     (gloves unavailable)
MR     .....                    (boots unavailable)
Stlth  +++.......               (no amulet)
                                b - +2 ring of protection
                                h - ring of magical power

@: lethally poisoned (0 -> -14), quick
A: no armour, no weapons or thrown items, stealth, claws 1, fangs 3, see
invisible, carnivore 3, speed 1, shaggy fur 1, slow metabolism 1, sharp paws
a: no special abilities


You were on level 2 of the Dungeon.
You were very full.

You visited 1 branch of the dungeon, and saw 2 of its levels.

You collected 83 gold pieces.

Inventory:

Missiles
 c - 50 stones
Jewellery
 b - a +2 ring of protection (right paw)
 h - a ring of magical power (left paw)
Scrolls
 e - 3 scrolls of identify
 f - a scroll of enchant armour {unknown}
 i - a scroll of remove curse {unknown}
Comestibles
 a - 2 meat rations
 d - a bread ration
 j - a slice of pizza


   Skills:
 + Level 3.3 Fighting
 + Level 4.4 Dodging
 + Level 3.5 Stealth
 + Level 3.8 Unarmed Combat


You had 2 spell levels left.
You didn't know any spells.

Dungeon Overview and Level Annotations

Branches:
Dungeon (2/15)

Altars:


Innate Abilities, Weirdness & Mutations

You cannot wear armour.
You are incapable of wielding weapons or throwing items.
Your paws allow you to move quietly. (Stealth)
You have sharp claws.
You have razor-sharp teeth.
You have supernaturally acute eyesight. (SInv)
You are carnivorous and can eat meat at any time.
You cover ground quickly.
You are covered in fur. (AC +1)
You have a slow metabolism.
Your sharp claws are effective at attacking unaware monsters.


Message History

You barely miss the adder. You bite the adder, but do no damage.
The adder is severely wounded.
The adder bites you but does no damage.
You closely miss the adder.
The adder is severely wounded.
You feel sick. The adder bites you.
* * * LOW HITPOINT WARNING * * *
You scratch the adder but do no damage.
The adder is severely wounded.
* * * LOW HITPOINT WARNING * * *
You feel sick. The adder completely misses you.
You barely miss the adder.
The adder is severely wounded.
The adder completely misses you. The adder bites you.
* * * LOW HITPOINT WARNING * * *
You are more poisoned.
The adder poisons you!
You scratch the adder but do no damage.
The adder is severely wounded.
You die...

#.....#####.#### K.
#.....# #.# .
#....S#####.####...
#####..##..........
##..###.###....
###..##..## ..
#.........#
#S####....... #@#
##........ ##.#
####..... #..#
#.#.. #.## .... #.#
.. #.# #. #.# ...
#..... #.###.#
#..... #.#...
#.....


You could see an adder.

Vanquished Creatures
  2 adders (D:2)
  A dart slug (D:1)
  5 bats (D:1)
  5 giant cockroaches
  4 goblins
  4 hobgoblins (D:1)
  5 kobolds (D:1)
  A quokka (D:2)
  A ball python (D:1)
  A frilled lizard (D:1)
  2 rats (D:1)
31 creatures vanquished.

Notes
Turn   | Place    | Note
-------+----------+-------------------------------------------
     0 | D:1      | uberloutre the Felid Monk began the quest for the Orb.
     0 | D:1      | Reached XP level 1. HP: 10/10 MP: 2/2
   241 | D:1      | Reached XP level 2. HP: 14/14 MP: 3/3
   734 | D:1      | Reached XP level 3. HP: 11/17 MP: 4/4
  1868 | D:2      | Succumbed to an adder's poison

Skill      XL: |  1  2 |
---------------+-------+-----
Stealth        | 3 |  3.5
Fighting       | |  3.3
Dodging        | |  4.4
Unarmed Combat | |  3.8

Action                   || total
-------------------------++-------
Melee: Unarmed           ||    90
       Bite              ||     5
       Punch             ||     2
  Use: Scroll            ||     2
       Potion            ||     1
 Stab: Sleeping          ||    10
  Eat: Chunk             ||     8
Armor: Skin              ||     4
Dodge: Dodged            ||    59
